 Dungeon Crawl Stone Soup version 0.24-a0-114-g5d539f0 (console) character file.

Game seed: 4020345578530343463

19 Duffy the Chopper (level 2, -1/26 HPs)
             Began as a Naga Gladiator on Feb 15, 2019.
             Slain by an adder (2 damage)
             ... on level 3 of the Dungeon.
             The game lasted 00:00:22 (333 turns).

Duffy the Chopper (Naga Gladiator)                   Turns: 333, Time: 00:00:23

Health: -1/26      AC:  3    Str: 16    XL:     2   Next: 75%
Magic:  2/2        EV: 10    Int:  8    God:
Gold:   19         SH:  0    Dex: 12    Spells: 1/1 levels left

rFire    . . .     SeeInvis +   a - +0 war axe
rCold    . . .     Gourm    .   (no shield)
rNeg     . . .     Faith    .   b - +0 leather armour
rPois    +         Spirit   .   c - +0 helmet
rElec    .         Reflect  .   (no cloak)
rCorr    .         Harm     .   (no gloves)
MR       .....                  (no barding)
Stlth    +.........             (no amulet)
HPRegen  0.08/turn              (no ring)
MPRegen  0.08/turn              (no ring)

@: lethally poisoned (-1 -> -3), short of breath, very slow
A: large, see invisible, deformed body, poison resistance, slowness 2, slow
metabolism 1, spit poison 1, AC +0
a: Spit Poison


You were on level 3 of the Dungeon.
You were not hungry.

You visited 1 branch of the dungeon, and saw 3 of its levels.

You collected 19 gold pieces.

Inventory:

Hand Weapons
 a - a +0 war axe (weapon)
Missiles
 d - 3 throwing nets (quivered)
Armour
 b - a +0 leather armour (worn)
 c - a +0 helmet (worn)
Scrolls
 e - a scroll of amnesia {unknown}
 h - a scroll of identify {unknown}
 j - a scroll of fear {unknown}
Potions
 i - a potion of haste {unknown}
Comestibles
 f - a ration
 g - a chunk of flesh


   Skills:
 - Level 2.0 Fighting
 + Level 3.9 Axes
 - Level 1.7 Throwing
 - Level 2.4 Dodging


You had one spell level left.
You didn't know any spells.
Your spell library was empty.

Dungeon Overview and Level Annotations

Branches:
Dungeon (3/15)

Altars:


Innate Abilities, Weirdness & Mutations

You cannot wear boots.
Your serpentine skin is tough. (AC +0)
You have supernaturally acute eyesight. (SInv)
Armour fits poorly on your strangely shaped body.
Your system is resistant to poisons. (rPois)
You cover ground very slowly.
You have a slow metabolism.
You can spit poison.


Message History

Press: ? - help, Shift-Dir - straight line, f - adder
Aim: an adder The splash of poison misses the adder.
The splash of poison misses the hobgoblin.
The splash of poison misses the leopard gecko.
You feel slightly more hungry. The adder bites you but does no damage.
You barely miss the adder. The adder bites you but does no damage.
The adder bites you.
You are poisoned.
The adder poisons you!
You barely miss the adder.
You feel sick. The adder bites you. The adder barely misses you.
You slash the adder!
The adder is almost dead.
The adder bites you.
You can't do that yet.
You miss the adder.
The adder is almost dead.
The adder bites you.
You die...

.... ..$ #.)
#.. # #.# #.##
...####l##....#
......rgl......
#S# #@##.#
#<.$.# ##...#
..## ..# ..#
..# ..# ..#


You could see an adder, 2 leopard geckos, a hobgoblin and a rat.

Vanquished Creatures
  6 bats
  3 giant cockroaches
  2 goblins
  2 hobgoblins (D:2)
  A quokka (D:2)
  A rat (D:3)
15 creatures vanquished.

Notes
Turn   | Place    | Note
-------+----------+-------------------------------------------
     0 | D:1      | Duffy the Naga Gladiator began the quest for the Orb.
     0 | D:1      | Reached XP level 1. HP: 19/19 MP: 1/1
   145 | D:2      | Reached XP level 2. HP: 26/26 MP: 2/2
   332 | D:3      | HP: 1/26 [adder (2)]
   333 | D:3      | Slain by an adder

Levels and vault maps discovered:
D:1:      sevenhm_arrival_forest_fort_small_1, layout_basic, minmay_lizard_pond
D:2:      layout_loops_cross, lemuel_crystal_altar, first_ration,
          minmay_goblin_kobold_house
D:3:      minmay_goblin_kobold_castle, layout_loops_ring, minmay_guardbox,
          uniq_natasha

Action                   || total
-------------------------++-------
Melee: War axe           ||    36
 Abil: Spit Poison       ||     6
Armor: Leather armour    ||    15
Dodge: Dodged            ||    31

Table legend:
 A = Non-vault XP
 B = Vault XP
 C = Vault XP percentage of total XP
 D = Non-vault monster count
 E = Vault monster count
 F = Vault count percentage of total count
                 A         B        C        D         E       F
            +---------+---------+-------+---------+---------+-------
      Total |      15 |      13 |  46.4 |       8 |       7 |  46.7
            +---------+---------+-------+---------+---------+-------
        D:2 |      13 |       0 |   0.0 |       7 |       0 |   0.0
        D:3 |       2 |      13 |  86.7 |       1 |       7 |  87.5
            +---------+---------+-------+---------+---------+-------
